 Dungeon Crawl Stone Soup version 0.26-a0-54-g15ccc7ae60 (webtiles) character file.

Game seed: 2952174044446549504

109 Ozzies the Skirmisher (level 4, -2/30 HPs)
             Began as a Gargoyle Fighter on June 8, 2020.
             Slain by Crazy Yiuf
             ... wielding a +4 quarterstaff of chaos
              (7 damage)
             ... on level 2 of the Dungeon.
             The game lasted 00:02:40 (1686 turns).

Ozzies the Skirmisher (Gargoyle Fighter)            Turns: 1686, Time: 00:02:41

Health: -2/30      AC: 10    Str: 21    XL:     4   Next: 90%
Magic:  2/4        EV:  7    Int:  8    God:
Gold:   127        SH: 14    Dex:  9    Spells: 3/3 levels left

rFire    . . .     SeeInvis .   h - +0 whip
rCold    . . .     Gourm    .   c - +0 kite shield
rNeg     + . .     Faith    .   g - +0 scale mail (curse)
rPois    ∞         Spirit   .   (no helmet)
rElec    +         Reflect  +   (no cloak)
rCorr    .         Harm     .   (no gloves)
MR       .....                  (no boots)
Stlth    ..........             l - amulet of reflection
HPRegen  0.10/turn              (no ring)
MPRegen  0.09/turn              (no ring)

@: no status effects
A: negative energy resistance 1, electricity resistance, unbreathing,
petrification resistance, rot immunity, AC +3
a: no special abilities


You were on level 2 of the Dungeon.
You were hungry.

You visited 1 branch of the dungeon, and saw 2 of its levels.

You collected 127 gold pieces.

Inventory:

Hand Weapons
 a - a +0 flail
 h - a +0 whip (weapon)
Armour
 b - a +0 scale mail
 c - a +0 kite shield (worn)
 g - a cursed +0 scale mail (worn)
Jewellery
 l - an amulet of reflection (around neck)
Scrolls
 j - 2 scrolls of amnesia {unknown}
 m - a scroll of remove curse {unknown}
 n - a scroll of immolation {unknown}
 o - a scroll of fear {unknown}
 p - a scroll of blinking {unknown}
Potions
 d - a potion of might
 e - 2 potions of flight {unknown}
 i - 2 potions of curing {unknown}
 k - 2 potions of brilliance {unknown}
Comestibles
 f - 5 rations


   Skills:
 * Level 4.3 Fighting
 * Level 3.3 Maces & Flails
 + Level 3.8 Armour
 + Level 3.8 Shields


You had 3 spell levels left.
You didn't know any spells.
Your spell library was empty.

Dungeon Overview and Level Annotations

Branches:
Dungeon (2/15)

Altars:

Annotations:
D:2 Crazy Yiuf


Innate Abilities, Weirdness & Mutations

You are resistant to torment.
Your stone body is resilient. (AC +3)
You are immune to poison.
You resist negative energy. (rN+)
You are resistant to electric shocks. (rElec)
You can survive without breathing.
You are immune to petrification.
You are immune to rotting.


Message History

Crazy Yiuf is lightly wounded.
Crazy Yiuf hits you with a +4 quarterstaff of chaos.
* * * LOW HITPOINT WARNING * * *
You feel your power leaking away.
You hit Crazy Yiuf.
Crazy Yiuf is moderately wounded.
Crazy Yiuf laughs, "Spliff!
Cholesterol hand sallow."
You block Crazy Yiuf's attack.
You hit Crazy Yiuf but do no damage.
Crazy Yiuf is moderately wounded.
You block Crazy Yiuf's attack.
You barely miss Crazy Yiuf.
Crazy Yiuf is moderately wounded.
You block Crazy Yiuf's attack.
You hit Crazy Yiuf.
Crazy Yiuf is severely wounded.
You hit Crazy Yiuf but do no damage.
Crazy Yiuf is severely wounded.
Crazy Yiuf hits you with a +4 quarterstaff of chaos!
You die...

## ##.#..####. #
##..........#
#.......#####
########## ###.#
#####...# #.....####♣♣
### ..#####..#.♣♣
♣♣#..)#
............♣♣♣♣@g...#
.............♣..♣#...#
.........#..♣.♣♣♣ ###
........##♣♣♣♣♣
........# ...>....#
##### ........#......
..............#
#.............#


You could see Crazy Yiuf.

Vanquished Creatures
  4 gnolls (D:2)
  2 adders (D:2)
  2 oozes (D:2)
  2 worms (D:2)
  A dart slug (D:2)
  2 leopard geckos
  5 goblins
  3 hobgoblins
  A quokka (D:2)
  2 ball pythons (D:1)
  3 bats (D:2)
  5 frilled lizards
  5 kobolds
  4 rats (D:1)
41 creatures vanquished.

Notes
Turn   | Place    | Note
-------+----------+-------------------------------------------
     0 | D:1      | Ozzies the Gargoyle Fighter began the quest for the Orb.
     0 | D:1      | Reached XP level 1. HP: 14/14 MP: 1/1
   171 | D:1      | Reached XP level 2. HP: 19/19 MP: 2/2
   923 | D:2      | Reached XP level 3. HP: 22/24 MP: 3/3
  1067 | D:2      | Reached skill level 4 in Fighting
  1067 | D:2      | Reached XP level 4. HP: 17/29 MP: 4/4
  1641 | D:2      | Found a runed translucent door.
  1642 | D:2      | Noticed Crazy Yiuf
  1686 | D:2      | Slain by Crazy Yiuf

Illustrated notes

Levels and vault maps discovered:
D:1:      saegor_arrival_under_anarchy, layout_basic
D:2:      layout_rooms, uniq_crazy_yiuf_cottage

Skill      XL: |  1  2  3  4 |
---------------+-------------+-----
Fighting       | 4 |  4.3
Maces & Flails | 3 |  3.3
Armour         | |  3.8
Shields        | |  3.8

Action                   |  1- 3 |  4- 6 || total
-------------------------+-------+-------++-------
Melee: Flail             |    30 |       ||    30
       Whip              |   115 |    89 ||   204
  Eat: Chunk             |     1 |     1 ||     2
Armor: Scale mail        |    52 |    18 ||    70
Dodge: Dodged            |    50 |    12 ||    62
Block: Kite shield       |   111 |    55 ||   166
       Reflection        |       |     3 ||     3

Table legend:
 A = Non-vault XP
 B = Vault XP
 C = Vault XP percentage of total XP
 D = Non-vault monster count
 E = Vault monster count
 F = Vault count percentage of total count
                 A         B        C        D         E       F
            +---------+---------+-------+---------+---------+-------
      Total |     157 |       0 |   0.0 |      41 |       0 |   0.0
            +---------+---------+-------+---------+---------+-------
        D:1 |      22 |       0 |   0.0 |      16 |       0 |   0.0
        D:2 |     135 |       0 |   0.0 |      25 |       0 |   0.0
            +---------+---------+-------+---------+---------+-------
